 Dungeon Crawl Stone Soup version 0.31.0-12-g77e489cdc1 (webtiles) character file.

Game seed: 9580358305322746237

29380 cdecastro the Mimic (level 13, -9/116 HPs)
             Began as a Red Draconian Shapeshifter on Mar 2, 2024.
             Was a High Priest of Qazlal.
             Mangled by a sixfirhy (11 damage)
             ... on level 15 of the Dungeon on Mar 3, 2024.
             The game lasted 00:36:11 (17554 turns).

cdecastro the Mimic (Red Draconian Shapeshifter)   Turns: 17554, Time: 00:36:13

Health: -9/116     AC: 10    Str: 22    XL:     13   Next: 14%
Magic:  12/20      EV: 21    Int: 13    God:    Qazlal [*****.]
Gold:   701        SH:  0    Dex: 20    Spells: 12/12 levels left

rFire   + +          .
                       - Unarmed
rCold   . . .        (shield currently unavailable)
rNeg    . . .        (body armour unavailable)
rPois   .            (helmet restricted)
rElec   .            (no cloak)
rCorr   .            U - +0 pair of gloves
SInv    .            V - +0 pair of boots
Will    .....        (no amulet)
Stlth   +            v - +6 ring of dexterity
HPRegen 0.39/turn    d - +6 ring of strength
MPRegen 0.17/turn

%: repel missiles
@: confused, flux-form, ambrosia-drunk, protected from fire, glowing, studying
Evocations
A: glow, contaminating, breathe fire, AC +8, unfitting armour, fire resistance
1, cold-blooded
a: Breathe Fire, Begin Untransformation, Renounce Religion, Upheaval, Elemental
Force, Disaster Area


You were on level 15 of the Dungeon.
You worshipped Qazlal.
Qazlal was extremely pleased with you.
You were something dangerously unstable.
You visited 2 branches of the dungeon, and saw 15 of its levels.
You also visited: Bailey.

You collected 883 gold pieces.
You spent 182 gold pieces at shops.

Inventory:

Hand Weapons
 Q - the +10 rapier of the Elven Halls {flame, Fly}
   (You took it off a vampire on level 11 of the Dungeon)

   Fly:       It grants you flight.
Missiles
 O - 7 javelins (quivered)
Armour
 T - an orb of light
 U - a +0 pair of gloves (worn)
 V - a +0 pair of boots (worn)
Magical Staves
 g - a staff of alchemy
 R - a staff of conjuration
Jewellery
 d - a +6 ring of strength (right hand)
 p - a ring of fire
 r - a +6 ring of strength
 v - a +6 ring of dexterity (left hand)
 J - a +6 ring of strength
 S - the amulet of Elemental Vulnerability {rPois rF-- rC-- AC+8}
   (You found it on level 12 of the Dungeon)

   [amulet of nothing]

   AC+8:      It affects your AC (+8).
   rF--:      It makes you very vulnerable to fire.
   rC--:      It makes you very vulnerable to cold.
   rPois:     It protects you from poison
Talismans
 b - a beast talisman
 c - a flux talisman (active)
 P - a maw talisman
Wands
 h - a wand of roots (10)
 q - a wand of polymorph (6)
 y - a wand of mindburst (22)
 B - a wand of paralysis (20)
Scrolls
 e - 2 scrolls of amnesia {unknown}
 f - 3 scrolls of fog {unknown}
 i - 3 scrolls of immolation {unknown}
 j - 4 scrolls of poison {unknown}
 m - 2 scrolls of vulnerability {unknown}
 n - a scroll of summoning {unknown}
 s - 5 scrolls of blinking {unknown}
 t - 2 scrolls of enchant weapon {unknown}
 u - 3 scrolls of enchant armour {unknown}
 x - 2 scrolls of fear {unknown}
 C - a scroll of revelation {unknown}
 K - 2 scrolls of identify
 L - 2 scrolls of noise {unknown}
 N - a scroll of brand weapon {unknown}
Potions
 a - 3 potions of lignification
 k - 2 potions of attraction
 l - 2 potions of magic
 o - 5 potions of curing
 w - 4 potions of cancellation
 z - a potion of berserk rage
 D - 3 potions of ambrosia
 E - a potion of haste
 F - 3 potions of mutation
 G - a potion of resistance {unknown}
 H - 2 potions of brilliance {unknown}
 M - a potion of invisibility {unknown}
 W - a potion of might {unknown}


   Skills:
 - Level 11.4 Fighting
 - Level 7.5 Dodging
 - Level 10.0 Unarmed Combat
 * Level 9.9 Invocations
 + Level 12.5 Shapeshifting


You had 12 spell levels left.
You didn't know any spells.
Your spell library contained the following spells:

 Spells                   Type           Power      Damage    Failure   Level
 Necrotise                Necr           0%         1d4       30%         1
 Sting                    Conj/Alch      0%         1d3       30%         1
 Blink                    Tloc           0%         N/A       43%         2
 Lesser Beckoning         Tloc           0%         N/A       43%         2
 Mercury Vapours          Alch/Air       0%         N/A       43%         2
 Momentum Strike          Conj/Tloc      0%         3d8       43%         2
 Inner Flame              Hex/Fire       0%         N/A       67%         3
 Vampiric Draining        Necr           0%         2d6       67%         3
 Manifold Assault         Tloc           0%         N/A       97%         4
 Martyr's Knell           Necr/Summ      0%         N/A       97%         4
 Olgreb's Toxic Radiance  Alch           0%         N/A       97%         4
 Curse of Agony           Necr           0%         N/A       100%        5
 Irradiate                Conj/Alch      0%         3d11      100%        5
 Dispersal                Tloc           0%         N/A       100%        6
 Sculpt Simulacrum        Ice/Alch       0%         N/A       100%        6
 Ozocubu's Refrigeration  Ice            0%         4d7       100%        7
 Disjunction              Tloc           0%         N/A       100%        8
 Ignition                 Fire           0%         3d3       100%        8
 Polar Vortex             Ice            0%         N/A       100%        9


Dungeon Overview and Level Annotations

Branches:
Dungeon (13/15)            Temple (1/1) D:5            Lair (0/5) D:8
    Orc (0/2) D:11         Depths (0/4) D:15         Bailey (visited)
 Vaults: D:13-14

Altars:
Ashenzari
Cheibriados
Dithmenos
Elyvilon
Fedhas
Gozag
Hepliaklqana
Kikubaaqudgha
Makhleb
Nemelex Xobeh
Okawaru
Qazlal
Ru
Sif Muna
Trog
Uskayaw
Vehumet
Wu Jian
Xom
Yredelemnul
Zin
The Shining One

Shops:
D:2 (   D:4 !   D:7 [   D:10 =

Annotations:
D:3 3 runed translucent doors, VoidStrider's ghost, amateur TeAE; seawaffle's ghost, amateur GrHu


Innate Abilities, Weirdness & Mutations

You are something dangerously unstable.
You glow with magical radiation, making you easy to see and hit.
Foes you strike become dangerously contaminated with magical radiation.
You are incapable of wielding weapons or throwing items.
You can breathe blasts of fire.
Your fiery red scales are hard. (AC +8)
You cannot fit into any form of body armour.
Your flesh is heat resistant. (rF+)
You are cold-blooded and may be slowed by cold attacks.


Message History

Your fire elemental barely misses the salamander.
The salamander hits you from afar with a +1 spear of electrocution!
* * * LOW HITPOINT WARNING * * *
You are engulfed in flames.
You resist.
Your resistance to electricity fades away.
You feel protected from fire.
* * * LOW HITPOINT WARNING * * *
You block the salamander's attack.
Unknown command.
Okay, then.
Okay, then.
Unknown command.
Okay, then.
Unknown command.
Activating: Disaster Area (8% risk of failure)
Press: ? - help, Dir - look around, f - activate
Okay, then.
Activating: Elemental Force (1% risk of failure)
Press: ? - help, Dir - look around, f - activate Clouds arounds you coalesce and take form!
The sixfirhy barely misses you. The sixfirhy completely misses you.
You block the sixfirhy's attack.
Your fire elemental completely misses the sixfirhy.
Your fire elemental closely misses the salamander.
The salamander hits you from afar with a +1 spear of electrocution!
* * * LOW HITPOINT WARNING * * *
You are engulfed in flames.
You resist.
* * * LOW HITPOINT WARNING * * *
The salamander misses you.
Unknown command.
Unknown command.
Okay, then.
Unknown command.
You are confused.
You feel invigorated.
Your fire elemental disappears in a puff of smoke! x2
The sixfirhy misses you. x2; The sixfirhy hits you.
* * * LOW HITPOINT WARNING * * *
The sixfirhy shocks you!
You die...

..# ... #+#
##.## #...#
#...# #...#
#####...#####
#...°E°N☼...#
#!...E#N§.#.#
#...EEp3..°.#
#####.§§##.##
#.E.# ..#
#.#.# #.#
#.[.# .#
##### .# . .


You could see 2 salamanders, a sixfirhy (ally target), 2 friendly water
elementals and 3 friendly air elementals.

Vanquished Creatures
  An ice dragon (D:11)
  An ogre mage (D:15)
  2 boulder beetles
  2 two-headed ogres
  A fire crab (D:11)
  A skeletal warrior (D:11)
  Pikel (D:6)
  An ugly thing (D:11)
  A deep elf pyromancer (D:12)
  A necromancer (D:11)
  2 manticores (D:12)
  3 cyclopes
  4 centaur zombies
  A gargoyle (D:15)
  2 unseen horrors (D:11)
  A rime drake (D:11)
  2 tengu conjurers (D:13)
  A komodo dragon (D:8)
  3 trolls
  A polar bear (D:11)
  4 hornets
  A blink frog (shapeshifter) (D:15)
  Prince Ribbit (D:7)
  5 meliai zombies (D:11)
  3 slime creatures
  8 wraiths
  6 vampires (D:11)
  A wyvern (D:11)
  33 yaks
  A steam dragon (D:7)
  A basilisk (D:8)
  5 vampire mosquitoes
  2 acid dragons
  A water moccasin (D:8)
  An ice beast (D:5)
  9 orc warriors
  7 phantoms
  2 wolves (D:11)
  7 centaurs
  5 kobold brigands
  4 bullfrogs
  A gnoll sergeant (D:11)
  4 scorpions
  13 wights
  23 killer bees
  7 howler monkeys
  3 electric eels
  3 jellies
  A hound (D:7)
  6 orc priests
  A gnoll bouda (D:9)
  4 iguanas
  2 sleepcaps
  9 orc wizards
  14 adders
  17 gnolls
  2 white imps (D:7)
  2 ufetubi (D:6)
  A dart slug (D:2)
  2 ribbon worms
  32 orcs
  5 ball pythons
  A bat (D:2)
  5 endoplasms
  2 giant cockroaches
  15 goblins
  11 hobgoblins
  38 kobolds
  7 quokkas
  7 frilled lizards
  4 rats
381 creatures vanquished.

Vanquished Creatures (collateral kills)
  A yaktaur (D:15)
1 creature vanquished.

Grand Total: 382 creatures vanquished

Notes
Turn   | Place    | Note
-------+----------+-------------------------------------------
     0 | D:1      | cdecastro the Draconian Shapeshifter began the quest for
                  | the Orb.
     0 | D:1      | Reached XP level 1. HP: 16/16 MP: 1/1
   121 | D:1      | Reached XP level 2. HP: 21/23 MP: 2/2
   550 | D:1      | Reached XP level 3. HP: 28/28 MP: 3/3
  1076 | D:2      | Found Moav's Weapon Shoppe.
  1141 | D:2      | Found a faded altar of an unknown god.
  1198 | D:2      | Prayed at the altar of an unknown god.
  1198 | D:2      | Became a worshipper of Qazlal Stormbringer
  1198 | D:2      | Reached * piety under Qazlal
  1479 | D:2      | Reached XP level 4. HP: 35/35 MP: 4/4
  1791 | D:3      | Found a runed translucent gate.
  1791 | D:3      | Found a runed translucent gate.
  1791 | D:3      | Found a runed translucent gate.
  1793 | D:3      | Noticed seawaffle's ghost (amateur GrHu)
  1793 | D:3      | Noticed VoidStrider's ghost (amateur TeAE)
  2208 | D:3      | Reached skill level 5 in Unarmed Combat
  2294 | D:2      | Reached XP level 5. HP: 29/40 MP: 5/5
  2346 | D:3      | Reached skill level 4 in Shapeshifting
  2683 | D:4      | Reached ** piety under Qazlal
  2770 | D:4      | Reached XP level 6. HP: 25/47 MP: 6/6
  3117 | D:4      | Found Vithrewk's Distillery.
  3418 | D:4      | Found an iron altar of Okawaru.
  3608 | D:5      | Entered Level 5 of the Dungeon
  3615 | D:5      | Found a staircase to the Ecumenical Temple.
  3622 | Temple   | Entered the Ecumenical Temple
  3953 | D:5      | Reached skill level 5 in Shapeshifting
  3953 | D:5      | Your scales start taking on a fiery red colour.
  3953 | D:5      | Reached XP level 7. HP: 46/52 MP: 7/7
  3953 | D:5      | Gained mutation: Your flesh is heat resistant. (rF+) [Red
                  | Draconian growth]
  4128 | D:4      | Bought a potion of curing for 42 gold pieces
  4128 | D:4      | Bought a potion of berserk rage for 70 gold pieces
  4128 | D:4      | Bought a potion of heal wounds for 70 gold pieces
  4942 | D:6      | Noticed Pikel
  4966 | D:5      | HP: 2/52 [poisoned by a kobold brigand]
  5149 | D:6      | Killed Pikel
  5150 | D:6      | Reached skill level 6 in Shapeshifting
  5150 | D:6      | Reached XP level 8. HP: 47/59 MP: 8/8
  5151 | D:6      | Paralysed by a kobold for 4 turns
  5571 | D:6      | Found a bloodstained altar of Trog.
  5584 | D:6      | Reached *** piety under Qazlal
  5609 | D:6      | Reached skill level 10 in Unarmed Combat
  5974 | D:7      | Reached skill level 7 in Shapeshifting
  5974 | D:7      | Reached XP level 9. HP: 67/67 MP: 9/9
  6145 | D:7      | Found Jopull's Antique Armour Shoppe.
  6207 | D:7      | Noticed Prince Ribbit
  6215 | D:7      | Killed Prince Ribbit
  6222 | D:7      | Found a flagged portal.
  6234 | Bailey   | Entered a bailey
  6268 | Bailey   | Noticed an orc warlord
  6365 | Bailey   | Found a runed translucent gate.
  6367 | Bailey   | Found a runed translucent gate.
  6369 | Bailey   | Found a runed translucent gate.
  7090 | D:7      | Reached skill level 5 in Fighting
  7754 | D:7      | Acquired a manual of Evocations
  7784 | D:8      | Reached skill level 8 in Shapeshifting
  7811 | D:8      | Reached **** piety under Qazlal
  7812 | D:8      | Reached XP level 10. HP: 69/86 MP: 10/10
  8370 | D:8      | Found a staircase to the Lair.
  8690 | D:8      | Found an ornate altar of the Wu Jian Council.
  8939 | D:8      | Found a stormy altar of Qazlal.
  9564 | D:9      | Reached skill level 9 in Shapeshifting
 10007 | D:9      | Reached skill level 10 in Fighting
 10585 | D:10     | Entered Level 10 of the Dungeon
 10831 | D:10     | Noticed a two-headed ogre
 10850 | D:10     | Killed a two-headed ogre
 10852 | D:10     | Paralysed by a hornet for 2 turns
 10870 | D:10     | Reached XP level 11. HP: 39/102 MP: 11/11
 11128 | D:10     | Identified the +1 shortbow "Agicw" {freeze, rPois}
 11427 | D:10     | Found Piungokh's Jewellery Emporium.
 11641 | D:10     | Reached ***** piety under Qazlal
 12547 | D:11     | Reached skill level 10 in Shapeshifting
 12793 | D:11     | Noticed a two-headed ogre
 12801 | D:11     | Killed a two-headed ogre
 13017 | D:11     | Reached skill level 5 in Dodging
 13040 | D:11     | Noticed Urug
 13463 | D:11     | Urug changed into Urug the fire crab
 13463 | D:11     | Noticed Urug
 13467 | D:11     | Killed Urug the fire crab
 13778 | D:11     | Noticed a brown ugly thing
 13796 | D:11     | Killed a white ugly thing
 13832 | D:11     | Reached skill level 11 in Shapeshifting
 13995 | D:11     | Found a staircase to the Orcish Mines.
 14032 | D:11     | Reached XP level 12. HP: 47/110 MP: 12/12
 14351 | D:11     | Reached skill level 1 in Invocations
 14718 | D:11     | Noticed an ice dragon
 14725 | D:11     | Killed an ice dragon
 15119 | D:11     | Reached skill level 5 in Invocations
 15634 | D:11     | Identified the +10 rapier of the Elven Halls {flame, Fly}
 15634 | D:11     | Identified the +1 arbalest of Sloth {drain, rElec rPois
                  | rN++ Int-5}
 16093 | D:12     | Noticed a boulder beetle
 16113 | D:11     | Killed a boulder beetle
 16114 | D:11     | Reached skill level 12 in Shapeshifting
 16191 | D:12     | Found the amulet of Elemental Vulnerability {rPois rF--
                  | rC-- AC+8}
 17180 | D:12     | Found a basalt altar of Yredelemnul.
 17344 | D:13     | Noticed a boulder beetle
 17351 | D:13     | Killed a boulder beetle
 17352 | D:13     | Reached XP level 13. HP: 116/116 MP: 19/19
 17509 | D:13     | You fall into a shaft and drop 2 floors!
 17509 | D:15     | Entered Level 15 of the Dungeon
 17514 | D:15     | Reached ****** piety under Qazlal
 17517 | D:15     | Noticed a crystal guardian
 17521 | D:15     | Found a staircase to the Depths.
 17553 | D:15     | HP: 5/116 [salamander/+1 spear of electrocution (9)]
 17553 | D:15     | HP: 2/116 [salamander/+1 spear of electrocution (3)]
 17554 | D:15     | Mangled by a sixfirhy

Illustrated notes

Levels and vault maps discovered:
D:1:      sevenhm_arrival_forest_fort_small_4, layout_loops_cross
D:2:      layout_basic, serial_shops, nicolae_shop_bloodbath_and_beyond,
          shapermc_ecumenical_altar_flowoftime
D:3:      layout_loops_ring, gammafunk_ghost_cemetery, columned_hall_lemuel,
          grunt_ministairs_11, nicolae_half_adder
D:4:      layout_loops_ring, lemuel_crystal_altar, serial_shops,
          nicolae_take_the_stairs
D:5:      layout_basic, minmay_temple_entry_overgrown
D:6:      layout_cave_pools, trog_butcher_becter, palyth_stone_intersect,
          uniq_pikel
D:7:      layout_gridville, serial_shops, shop, enter_bailey_3,
          skrybe_limestone_x, uniq_prince_ribbit1
D:8:      layout_loops_corners, nicolae_qazlal_eye_of_the_storm,
          nicolae_wu_jian_immortal_techniques, david_lair_shrubbed
D:9:      layout_gridville
D:10:     layout_basic, serial_shops, nicolae_shop_tiny_glass, serial_rivers,
          chequers_serial_rivers_micro_b, chequers_serial_rivers_marsh,
          chequers_serial_rivers_large_b, chequers_serial_rivers_micro_d,
          hangedman_abyss_or_decor_lesser_grid
D:11:     bobbens_index_wilting_gardens, layout_basic, orc_0_dummy,
          portal_ice_cave_entry_animals_and_master, uniq_urug
D:12:     layout_cave_pools, lemuel_zombie_altar_yredelemnul
D:13:     layout_stronghold, fiery_altar_vehumet, uniq_azrael
D:15:     hangedman_crystal_crosses_colossus [crystal_crosses_arms_two,
          crystal_crosses_arms_one, crystal_crosses_arms_one]
Temple:   eino_narrow_crystal_temple

Skill      XL: |  1  2  3  4  5  6  7  8  9 10 11 12 |
---------------+-------------------------------------+-----
Unarmed Combat | 4 5 6 9 10 | 10.0
Shapeshifting  | 4 5 6 7 8 9 11 12 | 12.5
Fighting       | 2 7 11 | 11.4
Dodging        | 7 |  7.5
Invocations    | 9 |  9.9

Action                     |  1- 3 |  4- 6 |  7- 9 | 10-12 | 13-15 || total
---------------------------+-------+-------+-------+-------+-------++-------
  Melee: Unarmed           |    97 |   164 |   256 |   716 |    33 ||  1266
         Tailslap          |     6 |    18 |    50 |   141 |     7 ||   222
         Punch             |       |     8 |     7 |       |       ||    15
 Invoke: Elemental Force   |       |       |       |       |     3 ||     3
Ability: Breathe Fire      |       |       |     6 |    36 |     2 ||    44
  Evoke: Wand              |       |       |       |     9 |       ||     9
    Use: Potion            |       |     1 |     1 |       |     4 ||     6
         Scroll            |       |       |    11 |       |     2 ||    13
   Stab: Sleeping          |     1 |       |       |       |       ||     1
         Distracted        |       |       |       |     1 |       ||     1
 Armour: Skin              |    43 |    82 |   106 |   449 |    34 ||   714
  Dodge: Dodged            |    63 |    84 |   138 |   673 |    39 ||   997
         Repelled          |       |       |       |     5 |     1 ||     6
  Block: Other             |       |    11 |    52 |   242 |    15 ||   320
   Form: Flux              |       |       |     1 |       |       ||     1
